 Dungeon Crawl Stone Soup version 0.28.0-47-ge53b351184 (webtiles) character file.

Game seed: 4697717248162905985

6353 Icepheonix32 the Frost Mage (level 10, -1/69 HPs)
             Began as a Demonspawn Ice Elementalist on May 4, 2022.
             Was a Follower of Makhleb.
             Slain by a two-headed ogre
             ... wielding a +0 giant club
              (15 damage)
             ... on level 9 of the Dungeon.
             The game lasted 00:22:55 (10487 turns).

Icepheonix32 the Frost Mage (DsIE)                 Turns: 10487, Time: 00:22:55

Health: -1/69      AC: 14    Str: 16    XL:     10   Next: 65%
Magic:  8/18       EV: 12    Int: 17    God:    Makhleb [*.....]
Gold:   180        SH: 27    Dex: 16    Spells: 1/20 levels left

rFire   . . .      SeeInvis .     - Unarmed
rCold   . . .      Faith    .   b - +18 shield of the Gong {rElec rN+ Will+ EV-5}
rNeg    + . .      Spirit   .   a - +1 robe
rPois   .          Reflect  .   (no helmet)
rElec   +          Harm     .   (no cloak)
rCorr   .          Rampage  .   (no gloves)
Will    +....                   (no boots)
Stlth   ++........              T - amulet of the acrobat
HPRegen 0.21/turn               d - +4 ring of protection
MPRegen 0.16/turn               l - +6 ring of strength

@: mighty, agile, ice-armoured, very slightly contaminated
A: powered by death 1, powered by pain 2, demonic touch 2
a: Renounce Religion


You were on level 9 of the Dungeon.
You worshipped Makhleb.
Makhleb was aware of your devotion.
You visited 2 branches of the dungeon, and saw 10 of its levels.
You also visited: Ossuary.

You collected 520 gold pieces.
You spent 340 gold pieces at shops.

Inventory:

Hand Weapons
 e - a +2 dagger of draining
 u - the +5 whip of Fee Simple {venom, rCorr}
   (You found it on level 3 of the Dungeon)

   It poisons the flesh of those it strikes.
   rCorr:     It protects you from acid and corrosion.
 B - a +2 vampiric trident
 D - a +5 hunting sling of flaming
 S - the +2 short sword of Wisdom {vorpal, Fly Will+}
   (You found it on level 6 of the Dungeon)

   It inflicts extra damage upon your enemies.
   Fly:       It grants you flight.
   Will:      It increases your willpower.
 W - a +3 trident
Missiles
 h - 2 throwing nets
 i - 10 boomerangs
 t - 26 poisoned darts
 F - 35 sling bullets
 Q - a curare-tipped dart
Armour
 a - a +1 robe (worn)
 b - the +18 shield of the Gong (worn) {rElec rN+ Will+ EV-5}
   (You found it on level 7 of the Dungeon)

   It is deafeningly noisy when blocking attacks.
   EV:        It affects your evasion (-5).
   rElec:     It insulates you from electricity.
   rN:        It protects you from negative energy.
   Will:      It increases your willpower.
 f - a +0 pair of gloves
 K - a +2 ring mail of cold resistance
Magical Staves
 j - a staff of air
 C - a staff of cold
Jewellery
 d - a +4 ring of protection (left hand)
 l - a +6 ring of strength (right hand)
 v - a ring of resist corrosion
 M - a ring of willpower
 T - an amulet of the acrobat (around neck)
 V - a ring of magical power
Wands
 p - a wand of flame (22)
 w - a wand of polymorph (9)
 y - a wand of paralysis (10)
Scrolls
 k - 2 scrolls of torment
 m - 2 scrolls of fear
 A - 2 scrolls of magic mapping {unknown}
 J - a scroll of immolation {unknown}
 L - 3 scrolls of identify
 O - a scroll of holy word {unknown}
 P - a scroll of brand weapon {unknown}
 X - a scroll of enchant weapon
Potions
 c - 2 potions of degeneration {unknown}
 g - a potion of brilliance
 n - 2 potions of invisibility {unknown}
 o - a potion of heal wounds
 q - a potion of cancellation {unknown}
 s - a potion of haste {unknown}
 x - a potion of mutation {unknown}
 z - 3 potions of magic {unknown}
 G - a potion of resistance {unknown}
 H - a potion of might {unknown}
 I - 3 potions of lignification {unknown}
 N - a potion of flight {unknown}
 R - 2 potions of berserk rage {unknown}
 U - a potion of curing
Miscellaneous
 E - a condenser vane


   Skills:
 - Level 2.9 Fighting
 - Level 1.6 Staves
 - Level 4.2 Slings
 - Level 3.9 Dodging
 - Level 1.7 Stealth
 * Level 4.4 Shields
 + Level 5.6 Unarmed Combat
 - Level 5.7 Spellcasting
 * Level 4.5 Necromancy
 - Level 8.7 Ice Magic
 - Level 1.5 Invocations
 - Level 3.4 Evocations


You had one spell level left.
You knew the following spells:

 Your Spells              Type           Power      Damage    Failure   Level
a - Freeze                Ice            100%       1d11      1%          1
b - Ozocubu's Armour      Ice            34%        N/A       3%          3
c - Frozen Ramparts       Ice            68%        1d8       3%          3
d - Hailstorm             Conj/Ice       19%        3d6       54%         4
e - Simulacrum            Ice/Necr       13%        N/A       98%         6
f - Corpse Rot            Necr/Air       24%        N/A       22%         2

Your spell library contained the following spells:

 Spells                   Type           Power      Damage    Failure   Level
 Animate Skeleton         Necr           40%        N/A       6%          1
 Pain                     Necr           80%        1d8       6%          1
 Sting                    Tmut/Pois      16%        1d3       36%         1
 Vampiric Draining        Necr           20%        2d7       17%         3
 Poisonous Vapours        Pois/Air       8%         N/A       50%         2
 Ice Form                 Ice/Tmut       19%        N/A       54%         4
 Gell's Gravitas          Tloc           4%         N/A       75%         3
 Inner Flame              Hex/Fire       4%         N/A       75%         3
 Teleport Other           Tloc           4%         N/A       75%         3
 Cause Fear               Hex            2%         N/A       98%         4
 Olgreb's Toxic Radiance  Pois           4%         N/A       98%         4
 Dispersal                Tloc           2%         N/A       100%        6
 Discord                  Hex            2%         N/A       100%        8


Dungeon Overview and Level Annotations

Branches:
Dungeon (9/15)             Temple (1/1) D:5            Lair (0/6) D:8
Ossuary (visited)
    Orc: D:9-12

Altars:
Ashenzari
Cheibriados
Dithmenos
Elyvilon
Fedhas
Gozag
Hepliaklqana
Kikubaaqudgha
Makhleb
Nemelex Xobeh
Okawaru
Qazlal
Ru
Sif Muna
Trog
Uskayaw
Vehumet
Wu Jian
Xom
Yredelemnul
Zin
The Shining One

Shops:
D:1 =   D:6 :

Annotations:
D:4 2 runed translucent doors


Innate Abilities, Weirdness & Mutations

You regenerate a little health from kills.
You sometimes gain power by taking damage.
Your touch may inflict irresistible damage on your foes.


Message History

You focus on the pain.
You feel agile all of a sudden. You block the two-headed ogre's attack.
GONNNNG!
You are too injured to fight recklessly!
Unknown command.
You are too injured to fight recklessly!
Unknown command.
Casting: Ozocubu's Armour (dangerous; 3% risk of failure)
Confirm with . or Enter, or press ? or * to list all spells.
Aiming: Freeze (safe; 1% risk of failure)
Press: ? - help, Shift-Dir - straight line, f - two-headed ogre
Aim: a two-headed ogre, wielding a +0 giant club and a +0 dire flail (severely wounded)
You freeze the two-headed ogre!
The two-headed ogre is severely wounded.
The frozen ramparts melt away.
You block the two-headed ogre's attack.
BONNNG!
You block the two-headed ogre's attack.
GONNNNG!
Casting: Freeze (safe; 1% risk of failure)
Confirm with . or Enter, or press ? or * to list all spells.
Aiming: Freeze (safe; 1% risk of failure)
Press: ? - help, Shift-Dir - straight line, f/p - two-headed ogre
Aim: a two-headed ogre, wielding a +0 giant club and a +0 dire flail (severely wounded)
You freeze the two-headed ogre.
The two-headed ogre is almost dead.
You block the two-headed ogre's attack.
BONNNG!
You block the two-headed ogre's attack.
GONNNNG!
Casting: Freeze (safe; 1% risk of failure)
Confirm with . or Enter, or press ? or * to list all spells.
Casting: Frozen Ramparts (dangerous; 3% risk of failure)
Press: ? - help, Dir - look around, f - activate You miscast Frozen Ramparts.
You are very lightly contaminated with residual magic.
Nothing appears to happen.
You block the two-headed ogre's attack.
PTOANNNG!
The two-headed ogre hits you with a +0 dire flail!
You die...

.......+)..#)...#
###########+##)...#
...................#
...................#
.........(.........#
...................#
............)......#
...................#
.........O@........#
###.....####+#....#
#.....# #....#
#....†# +....#
#....)# ....#
#.....# ...# #.....#
#...... #......


You could see a two-headed ogre.

Vanquished Creatures
  Pikel (D:4)
  2 vault sentinels (D:7)
  A kobold demonologist (D:9)
  A troll (D:8)
  Grinder (D:4)
  A yak (D:4)
  Grum (D:9)
  A steam dragon (D:7)
  A water moccasin (D:7)
  Duvessa (D:4)
  2 orc warriors (D:6)
  3 sky beasts
  3 ice beasts
  2 necrophages
  An ogre (D:5)
  A black bear (D:4)
  6 wolves
  2 centaurs
  A lemure (D:4)
  2 kobold brigands
  An elf zombie (Ossuary)
  6 bullfrogs
  2 gnoll sergeants
  A scorpion (D:6)
  A water moccasin skeleton (D:5)
  Dowan (D:4)
  3 wights (D:8)
  2 centaur zombies
  2 bullfrog zombies
  A jelly (D:7)
  2 human zombies (Ossuary)
  5 orc priests
  2 bullfrog skeletons
  8 hounds
  A centaur skeleton (D:7)
  An iguana (D:5)
  Terence (D:2)
  An orc wizard (D:7)
  A killer bee zombie (D:7)
  3 hound zombies
  3 mummies (Ossuary)
  5 adders
  2 howler monkey skeletons
  10 gnolls
  2 shadow imps
  3 white imps
  An ufetubus (D:7)
  2 adder skeletons (D:4)
  2 adder zombies
  3 worms
  5 dart slugs
  28 orcs
  5 bats
  12 endoplasms
  4 giant cockroaches
  A gnoll zombie (Ossuary)
  7 goblins
  7 hobgoblins
  10 jackals
  6 quokkas
  5 ball pythons
  7 frilled lizards
  4 goblin zombies
  2 hobgoblin zombies (Ossuary)
  7 jackal zombies (Ossuary)
  20 kobolds
  5 kobold zombies (Ossuary)
  3 orc zombies (Ossuary)
  4 quokka zombies (Ossuary)
  4 rats
  5 rat zombies (Ossuary)
263 creatures vanquished.

Vanquished Creatures (others)
  7 fungi (D:1)
  3 plants (D:1)
10 creatures vanquished.

Grand Total: 273 creatures vanquished

Notes
Turn   | Place    | Note
-------+----------+-------------------------------------------
     0 | D:1      | Icepheonix32 the Demonspawn Ice Elementalist began the
                  | quest for the Orb.
     0 | D:1      | Reached XP level 1. HP: 13/13 MP: 3/3
   410 | D:1      | Reached skill level 4 in Ice Magic
   412 | D:1      | Gained mutation: Your touch may inflict minor irresistible
                  | damage on your foes. [demonic ancestry]
   412 | D:1      | Reached XP level 2. HP: 19/19 MP: 5/5
   783 | D:1      | Gained mutation: You regenerate a little health from kills.
                  | [demonic ancestry]
   783 | D:1      | Reached XP level 3. HP: 15/24 MP: 2/6
   965 | D:1      | Found a faded altar of an unknown god.
  1064 | D:1      | Found Syseng's Jewellery Boutique.
  1396 | D:2      | Learned a level 3 spell: Ozocubu's Armour
  1421 | D:2      | Noticed Terence
  1439 | D:2      | Killed Terence
  1440 | D:2      | Reached skill level 1 in Unarmed Combat
  1440 | D:2      | Reached skill level 5 in Ice Magic
  1440 | D:2      | Reached XP level 4. HP: 23/30 MP: 4/7
  1450 | D:2      | Learned a level 3 spell: Frozen Ramparts
  2290 | D:3      | Reached XP level 5. HP: 35/35 MP: 3/8
  2397 | D:3      | Identified the +5 whip of Fee Simple {venom, rCorr}
  3267 | D:4      | Noticed Duvessa
  3267 | D:4      | Noticed Dowan
  3520 | D:4      | Reached skill level 6 in Ice Magic
  3520 | D:4      | Reached XP level 6. HP: 37/41 MP: 9/9
  3693 | D:4      | Noticed Grinder
  3709 | D:4      | Killed Grinder
  3710 | D:4      | Gained mutation: You sometimes gain a little power by
                  | taking damage. [demonic ancestry]
  3710 | D:4      | Reached XP level 7. HP: 42/46 MP: 1/11
  3892 | D:4      | Found a large runed translucent door.
  3892 | D:4      | Found a large runed translucent door.
  3954 | D:4      | Learned a level 4 spell: Hailstorm
  4014 | D:4      | Noticed a yak
  4022 | D:4      | Killed a yak
  4023 | D:4      | Reached skill level 7 in Ice Magic
  4247 | D:4      | Found a large runed translucent door.
  4247 | D:4      | Found a large runed translucent door.
  4391 | D:4      | Noticed Pikel
  4403 | D:4      | Killed Pikel
  4404 | D:4      | Reached skill level 1 in Fighting
  4404 | D:4      | Gained mutation: Your touch may inflict irresistible damage
                  | on your foes. [demonic ancestry]
  4404 | D:4      | Reached XP level 8. HP: 45/54 MP: 6/15
  4849 | D:4      | Killed Duvessa
  4862 | D:4      | Killed Dowan
  4863 | D:4      | Reached skill level 1 in Evocations
  4968 | D:5      | Entered Level 5 of the Dungeon
  5083 | D:5      | Reached skill level 5 in Spellcasting
  5109 | D:5      | Reached skill level 8 in Ice Magic
  5139 | D:5      | Found a sand-covered staircase.
  5171 | Ossuary  | Entered an ossuary
  5467 | Ossuary  | Gained mutation: You sometimes gain power by taking damage.
                  | [demonic ancestry]
  5467 | Ossuary  | Reached XP level 9. HP: 61/61 MP: 16/16
  5545 | Ossuary  | Reached skill level 1 in Slings
  6074 | D:5      | Found an ancient bone altar of Kikubaaqudgha.
  6081 | D:5      | Found an ornate altar of the Wu Jian Council.
  6086 | D:5      | Found a hazy altar of Hepliaklqana.
  6168 | D:5      | Found a staircase to the Ecumenical Temple.
  6571 | D:5      | Found a sparkling altar of Nemelex Xobeh.
  6784 | Temple   | Entered the Ecumenical Temple
  7994 | D:6      | Identified the +2 short sword of Wisdom {vorpal, Fly Will+}
  8074 | D:6      | Found a snail-covered altar of Cheibriados.
  8078 | D:6      | Found Qohak's Book Shoppe.
  8103 | D:6      | Bought a book of the Tundra for 340 gold pieces
  8110 | D:6      | Learned a level 6 spell: Simulacrum
  8200 | D:7      | Reached skill level 1 in Staves
  8381 | D:7      | Reached skill level 5 in Unarmed Combat
  8381 | D:7      | Reached skill level 1 in Necromancy
  8638 | Temple   | Became a worshipper of Makhleb the Destroyer
  8724 | D:7      | Learned a level 2 spell: Corpse Rot
  8783 | D:7      | Found a shimmering altar of Xom.
  8784 | D:7      | Found a shimmering altar of Xom.
  8784 | D:7      | Found a shimmering altar of Xom.
  8785 | D:7      | Found a shimmering altar of Xom.
  8787 | D:7      | Found a shimmering altar of Xom.
  8885 | D:7      | Noticed a vault sentinel
  8885 | D:7      | Noticed a vault sentinel
  8905 | D:7      | Killed a vault sentinel
  8906 | D:7      | Reached skill level 1 in Invocations
  8906 | D:7      | Reached XP level 10. HP: 69/69 MP: 18/18
  8912 | D:7      | Killed a vault sentinel
  8949 | D:7      | Found the +18 shield of the Gong {rElec rN+ Will+ EV-5}
  9132 | D:7      | Reached skill level 1 in Shields
  9236 | D:7      | Found a bloodstained altar of Trog.
  9352 | D:7      | Found a shimmering altar of Xom.
  9354 | D:7      | Noticed a salamander
  9568 | D:8      | Reached * piety under Makhleb
  9883 | D:8      | Found a staircase to the Lair.
 10161 | D:8      | Found a stormy altar of Qazlal.
 10166 | D:8      | Found an iron altar of Okawaru.
 10324 | D:9      | Noticed a sun demon
 10394 | D:9      | Noticed Grum
 10407 | D:9      | Killed Grum
 10472 | D:9      | Noticed a two-headed ogre
 10487 | D:9      | Slain by a two-headed ogre

Illustrated notes

Levels and vault maps discovered:
D:1:      tarquinn_simple_flora_water_b, layout_rooms,
          shapermc_ecumenical_altar_hornbeckon, serial_shops, shop,
          wander_ebering_terrifying_dragon_lair
D:2:      layout_loops_cross, amcnicky_mini_rare_corridor_liquid, st_stairs_1,
          uniq_terence
D:3:      layout_basic
D:4:      layout_loops_cross, minmay_hollow_rounded_squares, uniq_grinder,
          uniq_pikel, uniq_duvessa
D:5:      layout_layer_cave, nemelex_dance_club_becter,
          minmay_overflow_temple_star_quad, minmay_temple_entry_statues_pillars,
          enter_ossuary_4
D:6:      layout_basic, mainiacjoe_overflow_tiny_flanked, lemuel_crystal_altar,
          serial_shops, shop, mrwooster_statue_mirror
D:7:      layout_basic, mainiacjoe_overflow_surrounded_room, xom_shifter_show,
          hellmonk_guarded_unrand_gong
D:8:      layout_rooms, grunt_temple_overflow_diamond, erik_lair_island
D:9:      layout_gridville, gammafunk_ghost_cemetery, uniq_grum
Temple:   minmay_temple_curvy_loop

Skill      XL: |  1  2  3  4  5  6  7  8  9 10 |
---------------+-------------------------------+-----
Ice Magic      | 4 5 6 7 8 |  8.7
Unarmed Combat | 1 2 3 4 5 |  5.6
Spellcasting   | 3 4 5 |  5.7
Dodging        | 2 3 |  3.9
Fighting       | 1 2 |  2.9
Evocations     | 2 3 |  3.4
Slings         | 4 |  4.2
Staves         | 1 |  1.6
Necromancy     | 2 4 |  4.5
Invocations    | 1 |  1.5
Shields        | 4 |  4.4
Stealth        | |  1.7

Action                   |  1- 3 |  4- 6 |  7- 9 | 10-12 || total
-------------------------+-------+-------+-------+-------++-------
Melee: Short sword       |    87 |    58 |       |       ||   145
       Unarmed           |     8 |       |    13 |   185 ||   206
       Punch             |     2 |       |     1 |     2 ||     5
       Touch             |    13 |    11 |    42 |    16 ||    82
       Whip              |       |    49 |    60 |       ||   109
       Staff             |       |       |    95 |       ||    95
 Fire: Hunting sling     |       |       |   251 |    29 ||   280
Throw: Boomerang         |       |     2 |       |       ||     2
 Cast: Freeze            |    18 |     5 |     2 |     2 ||    27
       Ozocubu's Armour  |     1 |     3 |     9 |     8 ||    21
       Frozen Ramparts   |       |     3 |     8 |    10 ||    21
       Corpse Rot        |       |       |       |     1 ||     1
  Use: Scroll            |       |     2 |     8 |     1 ||    11
       Potion            |       |     1 |       |       ||     1
 Stab: Sleeping          |     3 |     3 |     5 |     2 ||    13
       Distracted        |       |       |     1 |       ||     1
Armor: Robe              |    51 |    28 |   104 |    41 ||   224
Dodge: Dodged            |    66 |    55 |   181 |    73 ||   375
Block: Kite shield       |       |       |       |   194 ||   194
